 Dungeon Crawl Stone Soup version 0.31-a0-986-g5e6e4ef867 (webtiles) character file.

Game seed: 12596267012791651809

69 Xavori the Trooper (level 4, -2/35 HPs)
             Began as a Djinni Chaos Knight on Nov 7, 2023.
             Was a Plaything of Xom.
             Slain by Terence
             ... wielding a +1 flail of holy wrath
              (12 damage)
             ... on level 2 of the Dungeon.
             The game lasted 00:02:55 (9604 turns).

Xavori the Trooper (Djinni Chaos Knight)            Turns: 9604, Time: 00:02:55

Health: -2/35      AC:  6    Str:  9 (10) XL:     4   Next: 42%
Gold:   189        EV: 12    Int: 18      God:    Xom [....*.] SH:  0 Dex: 13

rFire   + + .        a - +0 falchion (chaos)
rCold   x . .        (no shield)
rNeg    . . .        b - +2 leather armour
rPois   ∞            (no helmet)
rElec   +            (no cloak)
rCorr   .            i - +0 pair of gloves
SInv    .            (boots unavailable)
Will    +....        (no amulet)
Stlth   +            (no ring)
HPRegen 0.25/turn    (no ring)
MPRegen 0.00/turn

%: infuse magic (-3 HP)
@: flying
A: sickness immunity, fire resistance 2, cold vulnerability 1, float, innate
caster, HP casting, extra vitality 1, clever 1, strong-willed 1, electricity
resistance, wild magic 1
a: Renounce Religion


You were on level 2 of the Dungeon.
You worshipped Xom.
You were a beloved toy of Xom.
You visited 1 branch of the dungeon, and saw 3 of its levels.

You collected 189 gold pieces.

Inventory:

Hand Weapons
 a - a +0 falchion of chaos (weapon)
Armour
 b - a +2 leather armour (worn)
 i - a +0 pair of gloves (worn)
Scrolls
 c - a scroll of butterflies
 d - 2 scrolls of identify {unknown}
 e - 2 scrolls of vulnerability {unknown}
 g - a scroll of poison {unknown}
 k - a scroll of torment {unknown}
Potions
 f - 2 potions of might {unknown}
 h - a potion of brilliance {unknown}
 j - a potion of enlightenment {unknown}
 l - a potion of mutation {unknown}


   Skills:
 + Level 3.4 Fighting
 + Level 3.1 Long Blades
 + Level 1.8 Armour
 + Level 2.8 Dodging
 * Level 1.2 Spellcasting
 * Level 1.2 Conjurations
 * Level 1.2 Hexes
   Level 0.0 Charms
 * Level 1.2 Summonings
 * Level 1.2 Necromancy
 * Level 1.2 Translocations
 * Level 1.2 Transmutations
 * Level 1.2 Fire Magic
 * Level 1.2 Ice Magic
 * Level 1.2 Air Magic
 * Level 1.2 Earth Magic
 * Level 1.2 Poison Magic


You knew the following spells:

 Your Spells              Type           Power      Damage    Failure   Level
a - Kiss of Death         Conj/Necr      28%        2d7       22%         1
Your spell library was empty.

Dungeon Overview and Level Annotations

Branches:
Dungeon (3/15)

Altars:
Xom

Annotations:
D:2 Terence


Innate Abilities, Weirdness & Mutations

You are immune to sickness and miasma.
You are immune to poison.
Your flesh is very heat resistant. (rF++)
You are vulnerable to cold. (rC-)
You float through the air rather than walking.
You learn spells naturally, not from books.
Your magical power is your life essence.
You have superior vitality. (+4 MHP)
Your mind is acute. (Int +4, Str/Dex -1)
You are strong-willed. (Will+)
You are resistant to electric shocks. (rElec)
Your spells are a little harder to cast, but a little more powerful.


Message History

You hit Terence.
Terence is poisoned.
Terence is lightly wounded.
Terence hits you with a +1 flail of holy wrath!
The endoplasm completely misses you.
You closely miss Terence.
Terence is lightly wounded.
Terence closely misses you.
The endoplasm jiggles.
The endoplasm barely misses you.
You barely miss Terence.
Terence is lightly wounded.
Terence misses you. The endoplasm freezes you.
You are frozen.
Terence closely misses you. The endoplasm freezes you.
You are frozen.
You hit Terence. You burn Terence.
Terence is moderately wounded.
Terence hits you but does no damage. The endoplasm freezes you.
You are frozen.
You feel a terrible chill!
* * * LOW HITPOINT WARNING * * *
Unknown command.
You hit Terence but do no damage. Your punch misses Terence.
Terence is moderately wounded.
Terence closely misses you. The endoplasm barely misses you.
You hit Terence but do no damage.
Terence is moderately wounded.
Terence hits you but does no damage. The endoplasm freezes you.
You are frozen.
* * * LOW HITPOINT WARNING * * *
You hit Terence but do no damage.
Terence is moderately wounded.
Terence misses you.
The endoplasm hits you but does no damage.
You barely miss Terence.
Terence is heavily wounded.
Terence hits you with a +1 flail of holy wrath!
You die...

################
#...............
#.##############
#.# #.# #.#
###.##########
#@J..........#
#@#.#........#
#.#.#........#####
#.#.#......(......
#.#.#........#####
##.#...............
#.....#############
#..................
#.....#############


You could see Terence (poisoned) and an endoplasm.

Vanquished Creatures
  2 adders (D:2)
  A dart slug (D:2)
  3 ball pythons
  3 bats
  2 endoplasms (D:1)
  2 giant cockroaches
  3 goblins
  6 hobgoblins
  4 jackals (D:1)
  2 quokkas (D:1)
  4 frilled lizards
  4 kobolds (D:1)
  6 rats
42 creatures vanquished.

Vanquished Creatures (collateral kills)
  A kobold (D:2)
  A rat (D:2)
2 creatures vanquished.

Grand Total: 44 creatures vanquished

Notes
Turn   | Place    | Note
-------+----------+-------------------------------------------
     0 | D:1      | Xavori the Djinni Chaos Knight began the quest for the Orb.
     0 | D:1      | Reached XP level 1. HP: 20/20 MP: 0/0
   143 | D:1      | Reached XP level 2. HP: 24/25 MP: 0/0
   532 | D:1      | Reached XP level 3. HP: 30/30 MP: 0/0
   532 | D:1      | Learned a level 1 spell: Kiss of Death
   554 | D:1      | XOM: divination: detect creatures
   763 | D:1      | Found a faded altar of an unknown god.
  1201 | D:1      | XOM: silly message
  2248 | D:1      | XOM: cloud trail
  2573 | D:1      | XOM: give mutation
  2573 | D:1      | Gained mutation: You are strong-willed. (Will+) [Xom's
                  | grace]
  2669 | D:1      | XOM: divination: detect items
  2764 | D:1      | XOM: summons 1 hostile demon
  2898 | D:2      | XOM: 4-stop teleportation journey
  2906 | D:2      | XOM: scenery: create altars
  3928 | D:1      | XOM: cloud trail
  4083 | D:1      | XOM is BORED!
  4083 | D:1      | XOM: summons 2 hostile demons
  4108 | D:2      | Reached skill level 1 in Spellcasting
  4108 | D:2      | Reached skill level 1 in Conjurations
  4108 | D:2      | Reached skill level 1 in Hexes
  4108 | D:2      | Reached skill level 1 in Summonings
  4108 | D:2      | Reached skill level 1 in Necromancy
  4108 | D:2      | Reached skill level 1 in Translocations
  4108 | D:2      | Reached skill level 1 in Transmutations
  4108 | D:2      | Reached skill level 1 in Fire Magic
  4108 | D:2      | Reached skill level 1 in Ice Magic
  4108 | D:2      | Reached skill level 1 in Air Magic
  4108 | D:2      | Reached skill level 1 in Earth Magic
  4108 | D:2      | Reached skill level 1 in Poison Magic
  4122 | D:2      | XOM: divination: detect items
  4169 | D:2      | XOM: scenery: summon butterflies
  4476 | D:1      | XOM: give mutations
  4476 | D:1      | Gained mutation: You possess an exceptional clarity of
                  | mind. [Xom's grace]
  4476 | D:1      | Gained mutation: Your spells are a little harder to cast,
                  | but a little more powerful. [Xom's grace]
  4476 | D:1      | Gained mutation: You are resistant to electric shocks.
                  | (rElec) [Xom's grace]
  4604 | D:1      | XOM: silly message
  5632 | D:1      | XOM: silly message
  5966 | D:1      | XOM: silly message
  6705 | D:1      | XOM: summons 4 hostile shadow creatures
  7449 | D:1      | XOM: give mutation
  7449 | D:1      | Gained mutation: Your mind is acute. (Int +4, Str/Dex -1)
                  | [Xom's mischief]
  8646 | D:1      | XOM: give mutation
  8646 | D:1      | Lost mutation: You possess an exceptional clarity of mind.
                  | [Xom's mischief]
  8692 | D:1      | XOM: torment (16/30 hp)
  8896 | D:2      | XOM: summons friendly shadow imp
  8899 | D:2      | Reached XP level 4. HP: 32/35 MP: 0/0
  8911 | D:2      | XOM: stat loss: -1 Str (9/10)
  8928 | D:2      | XOM: scenery: summon butterflies
  9138 | D:2      | XOM: god gift: 35 gold pieces
  9591 | D:3      | Noticed Terence
  9604 | D:2      | Slain by Terence

Illustrated notes

Levels and vault maps discovered:
D:1:      erik_arrival_cave_to_civilisation [erik_arrival_cave_to_hall],
          layout_basic, hellmonk_ecumenical_altar_inner_sanctum,
          minmay_quantized
D:2:      layout_basic
D:3:      layout_basic, nicolae_overflow_ecumenical_swirl, uniq_grinder,
          uniq_terence

Skill      XL: |  1  2  3 |
---------------+----------+-----
Long Blades    | 3 |  3.1
Spellcasting   | 1 |  1.2
Conjurations   | 1 |  1.2
Hexes          | 1 |  1.2
Summonings     | 1 |  1.2
Necromancy     | 1 |  1.2
Translocations | 1 |  1.2
Transmutations | 1 |  1.2
Fire Magic     | 1 |  1.2
Ice Magic      | 1 |  1.2
Air Magic      | 1 |  1.2
Earth Magic    | 1 |  1.2
Poison Magic   | 1 |  1.2
Fighting       | |  3.4
Armour         | |  1.8
Dodging        | |  2.8

Action                     |  1- 3 |  4- 6 || total
---------------------------+-------+-------++-------
  Melee: Falchion          |   115 |    31 ||   146
         Punch             |     1 |       ||     1
 Armour: Leather armour    |    82 |    21 ||   103
  Dodge: Dodged            |    81 |    14 ||    95

Table legend: (Time is in decaauts)
 A = Elapsed time spent in this place.
 B = Non-inter-level travel time spent in this place.
 C = Inter-level travel time spent in this place.
 D = Time resting spent in this place.
 E = Time spent auto-exploring this place.
 F = Levels seen in this place.
 G = Mean time per level.
                   A        B        C        D        E       F      G
               +--------+--------+--------+--------+--------+-----+--------+
         Total |   9629 |   9564 |     65 |   7821 |   1407 |   3 | 3209.7 |
       Dungeon |   9629 |   9564 |     65 |   7821 |   1407 |   3 | 3209.7 |
               +--------+--------+--------+--------+--------+-----+--------+

Top non-repeatable levels by time:
     D:1: 8593 daAuts
     D:2: 1031 daAuts
     D:3: 4 daAuts
